 Dungeon Crawl Stone Soup version 0.28.0 (webtiles) character file.

Game seed: 5521118571121779048

43 zazu2006 the Magician (level 3, 0/28 HPs)
             Began as a Naga Hedge Wizard on Feb 12, 2022.
             Slain by a gnoll (8 damage)
             ... on level 1 of the Dungeon.
             The game lasted 00:02:51 (1842 turns).

zazu2006 the Magician (Naga Hedge Wizard)           Turns: 1842, Time: 00:02:52

Health: 0/28       AC:  2    Str: 12    XL:     3   Next: 58%
Magic:  4/8        EV:  9    Int: 16    God:
Gold:   37         SH:  0    Dex: 10    Spells: 1/10 levels left

rFire   . . .      SeeInvis +   a - +0 dagger
rCold   . . .      Faith    .   (no shield)
rNeg    . . .      Spirit   .   i - +0 leather armour
rPois   +          Reflect  .   c - +0 hat
rElec   .          Harm     .   (no cloak)
rCorr   .          Rampage  .   (no gloves)
Will    .....                   (no barding)
Stlth   ++........              (no amulet)
HPRegen 0.09/turn               (no ring)
MPRegen 0.11/turn               (no ring)

@: short of breath, very slightly contaminated, very slow
A: AC +1, large, see invisible, deformed body, poison resistance, slowness 2,
spit poison 1, naga tail 1
a: Spit Poison


You were on level 1 of the Dungeon.
You visited 1 branch of the dungeon, and saw 2 of its levels.

You collected 37 gold pieces.

Inventory:

Hand Weapons
 a - a +0 dagger (weapon)
Armour
 b - a +0 robe
 c - a +0 hat (worn)
 i - a +0 leather armour (worn)
Jewellery
 j - a ring of willpower
Scrolls
 d - a scroll of magic mapping {unknown}
 h - a scroll of brand weapon {unknown}
Potions
 e - a potion of heal wounds {unknown}
 f - a potion of mutation {unknown}
 g - a potion of lignification {unknown}
 k - a potion of flight {unknown}


   Skills:
 + Level 0.1 Armour
 + Level 1.5 Dodging
 + Level 3.0 Stealth
 + Level 4.1 Spellcasting
 + Level 1.2 Conjurations
 + Level 1.0 Summonings
 + Level 1.0 Translocations
 * Level 0.6 Poison Magic


You had one spell level left.
You knew the following spells:

 Your Spells              Type           Power      Damage    Failure   Level
a - Magic Dart            Conj           28%        1d4       13%         1
b - Mephitic Cloud        Conj/Pois/Air  5%         N/A       45%         3
c - Conjure Flame         Conj/Fire      5%         6-21      45%         3
d - Blink                 Tloc           12%        N/A       22%         2

Your spell library contained the following spells:

 Spells                   Type           Power      Damage    Failure   Level
 Slow                     Hex            12%        N/A       22%         1
 Call Imp                 Summ           6%         N/A       22%         2


Dungeon Overview and Level Annotations

Branches:
Dungeon (2/15)

Altars:


Innate Abilities, Weirdness & Mutations

Your serpentine skin is tough. (AC +1)
You have supernaturally acute eyesight. (SInv)
Armour fits poorly on your strangely shaped body.
Your system is resistant to poisons. (rPois)
You cover ground very slowly.
You can spit poison.
You have a snake-like lower body.


Message History

The gnoll hits you with a +0 club.
Unknown command.
Casting: Magic Dart (safe; 13% risk of failure)
Confirm with . or Enter, or press ? or * to list all spells.
Aiming: Magic Dart (safe; 13% risk of failure)
Press: ? - help, Shift-Dir - straight line, f/p - gnoll
Aim: a gnoll, wielding a +0 club (heavily wounded, 100% to hit)
The magic dart hits the gnoll.
The gnoll is heavily wounded.
The gnoll completely misses you.
Casting: Magic Dart (safe; 13% risk of failure)
Confirm with . or Enter, or press ? or * to list all spells.
Aiming: Magic Dart (safe; 13% risk of failure)
Press: ? - help, Shift-Dir - straight line, f/p - gnoll
Aim: a gnoll, wielding a +0 club (heavily wounded, 100% to hit)
The magic dart hits the gnoll but does no damage.
The gnoll is heavily wounded.
The gnoll hits you with a +0 club.
Okay, then.
Unknown command.
Unknown command.
Unknown command.
The gnoll barely misses you.
You have got your breath back.
Aiming: Spit Poison (2% risk of failure)
Press: ? - help, Shift-Dir - straight line, f/p - gnoll
Aim: a gnoll, wielding a +0 club (heavily wounded, 65% to hit)
The splash of poison hits the gnoll.
The gnoll is poisoned.
The gnoll is severely wounded.
The gnoll hits you with a +0 club.
* * * LOW HITPOINT WARNING * * *
Casting: Magic Dart (safe; 13% risk of failure)
Confirm with . or Enter, or press ? or * to list all spells.
Aiming: Magic Dart (safe; 13% risk of failure)
Press: ? - help, Shift-Dir - straight line, f/p - gnoll
Aim: a gnoll, wielding a +0 club (severely wounded, poisoned, 100% to hit)
You miscast Magic Dart.
You are very lightly contaminated with residual magic.
Nothing appears to happen.
The gnoll hits you with a +0 club!
You die...

####
######..###############.
............).Sg@.......
.....###...############.
####.#$#...# #.##.##..#
#...#.#...# ##.. #g##..#
#####... #.#....
......... #.####.
..........


#rS You could see a gnoll (poisoned) and a ball python.

Vanquished Creatures
  2 adders (D:2)
  2 worms (D:2)
  A dart slug (D:1)
  2 goblins
  3 hobgoblins
  A quokka (D:1)
  A ball python (D:2)
  2 bats (D:2)
  2 frilled lizards
  2 kobolds
  2 rats
20 creatures vanquished.

Notes
Turn   | Place    | Note
-------+----------+-------------------------------------------
     0 | D:1      | zazu2006 the Naga Hedge Wizard began the quest for the Orb.
     0 | D:1      | Reached XP level 1. HP: 15/15 MP: 4/4
   217 | D:1      | You fall into a shaft and drop 1 floor!
   268 | D:2      | Reached XP level 2. HP: 12/22 MP: 0/6
   684 | D:2      | Found a faded altar of an unknown god.
   966 | D:2      | Reached XP level 3. HP: 22/28 MP: 1/8
   970 | D:2      | Learned a level 3 spell: Mephitic Cloud
   974 | D:2      | Learned a level 3 spell: Conjure Flame
   977 | D:2      | Learned a level 2 spell: Blink
  1232 | D:2      | Reached skill level 4 in Spellcasting
  1842 | D:1      | Slain by a gnoll

Illustrated notes

Levels and vault maps discovered:
D:1:      dpeg_arrival_water_fire, layout_basic, minmay_vboxes
D:2:      wad_pebble_path, layout_loops_corners,
          dilly_ecumenical_altar_fadedgnrine

Skill      XL: |  1  2  3 |
---------------+----------+-----
Spellcasting   | 4 |  4.1
Armour         | |  0.1
Dodging        | |  1.5
Stealth        | |  3.0
Conjurations   | |  1.2
Summonings     | |  1.0
Translocations | |  1.0
Poison Magic   | |  0.6

Action                   || total
-------------------------++-------
Melee: Dagger            ||    25
       Punch             ||     1
 Cast: Magic Dart        ||    45
 Abil: Spit Poison       ||    10
 Stab: Sleeping          ||     2
Armor: Leather armour    ||     9
Dodge: Dodged            ||    12
